[Event "Team 45 45 League T26"]
[Site "Free Internet Chess Server"]
[Date "2005.03.25"]
[Round "2"]
[White "RomaLavrn"]
[Black "FusterCluck"]
[Result "1-0"]
[WhiteElo "1812"]
[BlackElo "1706"]
[TimeControl "2700+45"]

1. d4 d5 2. c4 Nc6 3. cxd5 Qxd5 4. Nf3 e5 5. Nc3 Bb4 6. Bd2 Bxc3 7. Bxc3 e4 8. Ne5 Nge7 9. g3 f6 10. Nxc6 Nxc6 11. Bg2 Bf5 12. O-O Bg6 13. f3 f5 14. fxe4 fxe4 15. Bh3 Rd8 16. e3 Qh5 17. Bg2 Qxd1 18. Raxd1 Ne7 19. Rc1 Nd5 20. Bd2 Rd6 21. Bh3 Rb6 22. b4 c6 23. a3 Ke7 24. Rc2 Ra8 25. Rc5 Rb5 26. Rxb5 cxb5 27. Rc1 Kd6 28. Bc8 Rb8 29. Bg4 Nb6 30. Rc3 Nc4 31. Bc1 Bf7 32. Be2 b6 33. Rc2 a5 34. bxa5 bxa5 35. a4 Kc6 36. axb5+ Kxb5 37. Rb2+ Ka4 38. Rxb8 Na3 39. Bxa3 Kxa3 40. Bd1 Bc4 41. h4 a4 42. Kf2 Bb3 43. Bxb3 axb3 44. Rxb3+ Kxb3 45. d5   {Black resigns} 1-0

[Event "Team 45 45 League T26"]
[Site "Free Internet Chess Server"]
[Date "2005.03.25"]
[Round "2"]
[White "thelovegambit"]
[Black "LLIAMAH"]
[Result "0-1"]
[WhiteElo "1599"]
[BlackElo "1766"]
[TimeControl "2700+45"]

1. e4 c5 2. Nf3 Nc6 3. d4 cxd4 4. Nxd4 a6 5. Nc3 e6 6. Be2 Bc5 7. Nb3 Be7 8. O-O Nf6 9. Be3 O-O 10. Na4 Nxe4 11. Nb6 Rb8 12. Qd3 Nf6 13. Rad1 d5 14. Bf4 e5 15. Be3 d4 16. Nxc8 Qxc8 17. Bd2 Rd8 18. Qg3 Ne4 19. Qd3 f5 20. Qc4+ Kh8 21. c3 b5 22. Qd3 dxc3 23. Qxd8+ Nxd8 24. Bxc3 Nxc3 25. bxc3 Qxc3 26. Rd7 Bf6 27. Rfd1 h6 28. h4 Ne6 29. R7d3 Qb2 30. R1d2 Qb1+ 31. Kh2 Nd4 32. Bh5 Nxb3 33. Rxb3 Qc1 34. Rbd3 Qc7 35. Rd7 Qc4 36. Bg6 Qxh4+ 37. Kg1 Rc8 38. Kf1 Qg4 39. Bf7 Rc1+   {White resigns} 0-1

[Event "Team 45 45 League T26"]
[Site "Free Internet Chess Server"]
[Date "2005.03.25"]
[Round "2"]
[White "jjgsmm"]
[Black "Aul"]
[Result "0-1"]
[WhiteElo "1486"]
[BlackElo "1612"]
[TimeControl "2700+45"]

1. e4 g6 2. d4 d6 3. Nf3 Bg7 4. Bc4 e6 5. Nc3 Ne7 6. Bg5 h6 7. Bf4 Nd7 8. Qd2 a6 9. h4 b6 10. g4 Bb7 11. h5 g5 12. Be3 c5 13. dxc5 Nxc5 14. Bxc5 bxc5 15. O-O-O Nc8 16. Nh2 Qb6 17. Rhf1 Bxe4 18. f4 Bf6 19. fxg5 Bxg5 20. Nxe4 Bxd2+ 21. Nxd2 Rb8 22. b3 d5 23. Be2 c4 24. Nhf3 c3 25. Nb1 Qe3+   {White resigns} 0-1

[Event "Team 45 45 League T26"]
[Site "Free Internet Chess Server"]
[Date "2005.03.25"]
[Round "2"]
[White "maglover"]
[Black "PawnSensei"]
[Result "1/2-1/2"]
[WhiteElo "1527"]
[BlackElo "1404"]
[TimeControl "2700+45"]

1. c4 d6 2. Nc3 Nf6 3. Nf3 g6 4. g3 Bg7 5. Bg2 O-O 6. O-O e5 7. d3 Nc6 8. Be3 Bg4 9. Qd2 Bxf3 10. Bxf3 Nd4 11. Bxb7 Rb8 12. Bg2 Qd7 13. h3 Nh5 14. b3 f5 15. Bxd4 exd4 16. Nd5 f4 17. Nxf4 Nxf4 18. gxf4 Bh6 19. e3 Bg7 20. Rae1 Rbe8 21. exd4 Bxd4 22. Rxe8 Rxe8 23. Re1 Rf8 24. Re4 Qg7 25. Qe2 Qf6 26. Qg4 h5 27. Qd7 Bb6 28. Qe6+ Qxe6 29. Rxe6 Kg7 30. Re4 Kf6 31. d4 c6 32. d5 cxd5 33. cxd5 Bc5 34. Re6+ Kf5 35. Be4+ Kxf4 36. Kg2 Kg5 37. Rxg6+ Kh4 38. f3 Rc8 39. f4 Bb4 40. f5 Rc2+ 41. Bxc2 a5 42. f6 a4 43. bxa4 Bc3 44. f7 Bg7 45. Rxg7   {Game drawn by stalemate} 1/2-1/2

[Event "Team 45 45 League T26"]
[Site "Free Internet Chess Server"]
[Date "2005.03.28"]
[Round "2"]
[White "Ottawa"]
[Black "RFFISCHER"]
[Result "1-0"]
[WhiteElo "1616"]
[BlackElo "1659"]
[TimeControl "2700+45"]

1. e4 c5 2. Nf3 Nc6 3. d4 cxd4 4. Nxd4 Nf6 5. Nc3 e5 6. Ndb5 d6 7. Be2 a6 8. Na3 b5 9. Nd5 Be7 10. f3 O-O 11. Be3 Be6 12. c3 h6 13. Qd2 Nh7 14. O-O f5 15. Rad1 fxe4 16. Nxe7+ Nxe7 17. Qxd6 Qxd6 18. Rxd6 Bxa2 19. fxe4 Nc8 20. Rd7 Rxf1+ 21. Kxf1 Nf6 22. Rd8+ Kf7 23. Bf3 Ke7 24. Rd2 Nd6 25. Bc5 Rd8 26. b4 g5 27. Rxa2 Ke6 28. Bxd6 Rxd6 29. Ke2 g4 30. Ke3 gxf3 31. gxf3 Nh5 32. c4 bxc4 33. Nxc4 Rc6 34. Nxe5 Kxe5 35. Ra5+ Kf6 36. Rxh5 Kg6 37. Rc5 Rb6 38. Rc4 Kf6 39. f4 Ke6 40. f5+ Kf6 41. h4 h5 42. Kf4 Kg7 43. Kg5 Rb5 44. Kxh5 Re5 45. Kg5 Rb5 46. h5 Rb6 47. e5   {Black resigns} 1-0

[Event "Team 45 45 League T26"]
[Site "Free Internet Chess Server"]
[Date "2005.03.25"]
[Round "2"]
[White "xplan"]
[Black "twinders"]
[Result "0-1"]
[WhiteElo "1589"]
[BlackElo "1644"]
[TimeControl "2700+45"]

1. e4 c5 2. Nf3 d6 3. Nc3 Nf6 4. d4 cxd4 5. Nxd4 a6 6. Bc4 e6 7. O-O Be7 8. Re1 O-O 9. Qf3 Qc7 10. Be2 Nbd7 11. Qg3 b5 12. Bh6 g6 13. Bxf8 Bxf8 14. Bf3 Ne5 15. Qf4 Bg7 16. h4 Bb7 17. g4 Nexg4 18. Bxg4 Nxg4 19. Nxe6 fxe6 20. Qxg4 Re8 21. h5 gxh5 22. Qxh5 Re7 23. Kg2 Bxc3 24. bxc3 Qxc3 25. Rg1 Bxe4+ 26. Kh2+ Bg6 27. Rxg6+ hxg6 28. Qxg6+ Qg7 29. Rg1 Qxg6 30. Rxg6+ Kf7 31. Rg3 Kf6 32. Ra3 Ra7 33. Kg3 Ke5 34. Re3+ Kd5 35. a3 Rf7 36. Rd3+ Kc6 37. Rc3+ Kd7 38. f4 Rf5 39. Kg4 Rc5 40. Rxc5 dxc5 41. Kf3 Kd6 42. Ke4 b4 43. axb4 cxb4 44. Kd4 a5 45. Kc4 Kc6 46. c3 bxc3 47. Kxc3 Kd5 48. Kb3 Ke4 49. Ka4 Kxf4 50. Kxa5 e5 51. Kb4 Kf3 52. Kc3 e4 53. Kd2 Kf2   {White resigns} 0-1

[Event "Team 45 45 League T26"]
[Site "Free Internet Chess Server"]
[Date "2005.03.24"]
[Round "2"]
[White "AlesD"]
[Black "Hartford"]
[Result "0-1"]
[WhiteElo "1647"]
[BlackElo "1554"]
[TimeControl "2700+45"]

1. d4 e6 2. e4 d5 3. e5 c5 4. c3 Nc6 5. Nf3 Qb6 6. Bd3 cxd4 7. cxd4 Bb4+ 8. Nc3 Nge7 9. O-O O-O 10. Ne2 Ba5 11. a3 Qd8 12. Ng3 Bb6 13. Bxh7+ Kxh7 14. Ng5+ Kg8 15. Qh5 Re8 16. Qxf7+ Kh8 17. Qh5+ Kg8 18. Qh7+ Kf8 19. Nh5 Nf5 20. g4 Bxd4 21. gxf5 Bxe5 22. f6 Bxf6 23. Nxf6 Qxf6 24. Kh1 e5 25. Rg1 e4 26. Bd2 Rd8 27. Qh5 Bf5 28. Rg3 Kg8 29. Rag1 Bg6 30. Qe2 Nd4 31. Qe3 Nf5 32. Bc3 d4 33. Nxe4 Nxg3+ 34. Qxg3 Bxe4+   {White resigns} 0-1

[Event "Team 45 45 League T26"]
[Site "Free Internet Chess Server"]
[Date "2005.03.25"]
[Round "2"]
[White "TStrobaugh"]
[Black "rgadoury"]
[Result "1-0"]
[WhiteElo "1381"]
[BlackElo "1447"]
[TimeControl "2700+45"]

1. e4 e6 2. Bb5 c6 3. Bc4 Nf6 4. d3 Be7 5. Nc3 O-O 6. Nf3 d6 7. e5 Nd5 8. Ne4 f6 9. exf6 Nxf6 10. O-O d5 11. Nxf6+ Bxf6 12. Bb3 e5 13. h3 Kh8 14. Qe2 Re8 15. c3 Nd7 16. Be3 e4 17. Nd4 Ne5 18. dxe4 dxe4 19. Bc2 Nd3 20. Bxd3 exd3 21. Qxd3 Bg5 22. Rae1 Bxe3 23. Rxe3 Rxe3 24. Qxe3 Bd7 25. Nf3 Qf6 26. Rd1 Be6 27. Rd6 Re8 28. Ng5 Qf5 29. Nxe6 h6 30. Rd8 Rxd8 31. Nxd8 Qb1+ 32. Kh2 Qxb2 33. Qe8+ Kh7 34. Nf7 Qxf2 35. Qe4+ g6 36. Ne5 Qf6 37. Ng4 Qd6+ 38. Qe5 Qxe5+ 39. Nxe5 Kg7 40. Kg3 Kf6 41. Ng4+ Kg5 42. h4+ Kf5 43. Nxh6+ Kf6 44. Ng4+ Kg7 45. Ne5 Kf6 46. Kf4 c5 47. g4 b5 48. g5+ Kg7 49. Ke4 a5 50. Kd5 c4 51. Kc5   {Black resigns} 1-0

[Event "Team 45 45 League T26"]
[Site "Free Internet Chess Server"]
[Date "2005.03.24"]
[Round "2"]
[White "emmanuelaugustus"]
[Black "JoeytheBudgie"]
[Result "0-1"]
[WhiteElo "1763"]
[BlackElo "1741"]
[TimeControl "2700+45"]

1. e4 c5 2. Nf3 d6 3. d4 cxd4 4. Nxd4 Nf6 5. Nc3 a6 6. Be3 e6 7. f3 Be7 8. g4 b5 9. Qd2 Bb7 10. O-O-O Qc7 11. g5 Nfd7 12. Ndxb5 axb5 13. Nxb5 Qc6 14. Kb1 Ne5 15. Nxd6+ Bxd6 16. Bb5 Qxb5 17. Qxd6 Na6 18. Rd5 Bxd5   {White resigns} 0-1

[Event "Team 45 45 League T26"]
[Site "Free Internet Chess Server"]
[Date "2005.03.24"]
[Round "2"]
[White "zcomcon"]
[Black "impe"]
[Result "0-1"]
[WhiteElo "1766"]
[BlackElo "1752"]
[TimeControl "2700+45"]

1. Nf3 d5 2. g3 c6 3. b3 Bg4 4. Bg2 e6 5. Bb2 Nf6 6. d3 Qa5+ 7. Bc3 Bb4 8. Bxb4 Qxb4+ 9. Qd2 Na6 10. O-O Qxd2 11. Nbxd2 Nb4 12. c3 Na6 13. h3 Bh5 14. g4 Bg6 15. Ne5 Nd7 16. Nxg6 hxg6 17. e4 O-O-O 18. exd5 exd5 19. b4 Nc7 20. a4 Rde8 21. Rfe1 Ne6 22. Re2 Nf4 23. Rxe8+ Rxe8 24. d4 Ne2+ 25. Kf1 Nxc3 26. Bf3 Nf6 27. Ra3 Nce4 28. Bxe4 Nxe4 29. Nxe4 Rxe4 30. Rd3 Kd7 31. f3 Re6 32. Kf2 Kd6 33. a5 g5 34. Rc3 g6 35. Rd3 Kc7 36. Rc3 b6 37. axb6+ axb6 38. b5 Kb7 39. bxc6+ Rxc6 40. Rxc6 Kxc6 41. Ke3 b5 42. Kd3 b4 43. Kc2 Kb6 44. Kb2 Ka5 45. Ka2 Ka4 46. Kb2 b3 47. Ka1 Kb4 48. Kb2 Kc4 49. Kc1 Kxd4 50. Kb2 Ke3 51. Kxb3 d4   {White resigns} 0-1

[Event "Team 45 45 League T26"]
[Site "Free Internet Chess Server"]
[Date "2005.03.27"]
[Round "2"]
[White "Akavall"]
[Black "chesswake"]
[Result "1-0"]
[WhiteElo "1853"]
[BlackElo "1752"]
[TimeControl "2700+45"]

1. e4 c5 2. b4 b6 3. bxc5 bxc5 4. Nf3 Nc6 5. Bb2 Rb8 6. Bc3 d6 7. Bc4 e6 8. d4 cxd4 9. Nxd4 Nxd4 10. Bxd4 e5 11. Be3 Nf6 12. O-O Qa5 13. f3 Be7 14. Qd3 O-O 15. Nc3 Be6 16. Nd5 Nxd5 17. exd5 Bd7 18. f4 Bf6 19. Bd2 Qc7 20. fxe5 Bxe5 21. Rab1 Rfc8 22. Rxb8 Rxb8 23. Qf3 Bb5 24. Bxb5 Rxb5 25. Be3 f6 26. Qg4 Rb2 27. Qa4 Qc8 28. Qxa7 Rxc2 29. Qa3 h6 30. Rc1 Rxc1+ 31. Qxc1 Qxc1+ 32. Bxc1 Kf7 33. Kf2 h5 34. h3 f5 35. Kf3 Bc3 36. Ke3 Bb4 37. Kd3 Kf6 38. Bf4 g5 39. Bh2 f4 40. Ke4 h4 41. Bg1 Ba3 42. Bd4+ Kg6 43. Bc3 Kh5 44. Kf5 Bc5 45. Bf6 g4 46. hxg4+   {Black resigns} 1-0

[Event "Team 45 45 League T26"]
[Site "Free Internet Chess Server"]
[Date "2005.03.24"]
[Round "2"]
[White "MStav"]
[Black "ButiOxa"]
[Result "0-1"]
[WhiteElo "1710"]
[BlackElo "1742"]
[TimeControl "2700+45"]

1. d4 Nf6 2. Nf3 c5 3. Bf4 cxd4 4. Nxd4 d6 5. Nb3 g6 6. e3 Bg7 7. c3 O-O 8. h3 a6 9. Be2 Nc6 10. O-O b5 11. Bf3 Bb7 12. Nd4 Qb6 13. Nxc6 Bxc6 14. Nd2 Rfc8 15. Bxc6 Rxc6 16. Qf3 Rac8 17. Rfc1 b4 18. c4 Nh5 19. Rab1 Nxf4 20. Qxf4 Qa5 21. Qe4 R6c7 22. Nb3 Qxa2 23. Nd4 Rxc4 24. Rxc4 Qxc4 25. b3 Qc7 26. Qd3 a5 27. Rd1 Qc3 28. Qa6 Bxd4 29. Rxd4 Rc5 30. Qa8+ Kg7 31. Qe4 Re5 32. Qa8 Rxe3 33. fxe3 Qxe3+ 34. Kf1 Qxd4 35. Qxa5 Qd1+ 36. Kf2 Qxb3 37. Qd8 Qc2+ 38. Kg3 Qc3+ 39. Kh2 b3 40. Qxe7 Qe5+   {White resigns} 0-1

[Event "Team 45 45 League T26"]
[Site "Free Internet Chess Server"]
[Date "2005.03.26"]
[Round "2"]
[White "BlkSabb"]
[Black "Ottawa"]
[Result "1-0"]
[WhiteElo "1722"]
[BlackElo "1633"]
[TimeControl "2700+45"]

1. d4 d5 2. c4 c6 3. cxd5 cxd5 4. Nc3 Nc6 5. Nf3 Bf5 6. a3 e6 7. e3 a6 8. Bd3 Bxd3 9. Qxd3 Nf6 10. O-O Be7 11. Re1 b5 12. b4 h6 13. Bb2 O-O 14. Ne5 Bd6 15. f4 Rc8 16. Rac1 Qb6 17. Ne2 Rc7 18. Ng3 Rfc8 19. f5 Nd7 20. Nxd7 Rxd7 21. fxe6 fxe6 22. Ne2 Rf8 23. Rf1 Rdf7 24. e4 Rxf1+ 25. Rxf1 Rxf1+ 26. Kxf1 Bxh2 27. g3 dxe4 28. Qxe4 Ne7 29. Kg2 Bxg3 30. Nxg3 Nf5 31. Nxf5 exf5 32. Qxf5 Qc6+ 33. d5 Qb7 34. Kf3 Qf7 35. Qxf7+ Kxf7 36. Be5 h5 37. Ke4 g6 38. Kf4 Kg8 39. Kg5 Kf7 40. Bd4   {Black resigns} 1-0

[Event "Team 45 45 League T26"]
[Site "Free Internet Chess Server"]
[Date "2005.03.24"]
[Round "2"]
[White "twinders"]
[Black "threeNT"]
[Result "0-1"]
[WhiteElo "1651"]
[BlackElo "1682"]
[TimeControl "2700+45"]

1. d4 d5 2. Bf4 Nf6 3. Nf3 c5 4. e3 cxd4 5. exd4 Nc6 6. Nc3 Bg4 7. Be2 e6 8. O-O Bd6 9. Be3 O-O 10. Ng5 Bxe2 11. Nxe2 Bxh2+ 12. Kxh2 Ng4+ 13. Kg1 Nxe3 14. fxe3 Qxg5 15. Qd2 Rac8 16. c3 Ne7 17. Rf3 Nf5 18. Raf1 Nd6 19. Qc1 a5 20. Rg3 Qe7 21. Nf4 Ne4 22. Rg4 f5 23. Nxd5 exd5 24. Rgf4 g6 25. Qe1 b5 26. a3 b4 27. axb4 axb4 28. cxb4 Rc2 29. Qb1 Rfc8 30. Qa2 R8c4 31. Qa8+ Kg7 32. Qxd5 Rxb4 33. g4 Rbxb2 34. R4f2 Nxf2 35. gxf5 Nh3+ 36. Kh1 Rh2#   {White checkmated} 0-1

[Event "Team 45 45 League T26"]
[Site "Free Internet Chess Server"]
[Date "2005.03.29"]
[Round "2"]
[White "mandragora"]
[Black "Doubleletter"]
[Result "0-1"]
[WhiteElo "1805"]
[BlackElo "1699"]
[TimeControl "2700+45"]

1. e4 b6 2. d4 Bb7 3. Nc3 e6 4. a3 Nf6 5. Bd3 Be7 6. Nf3 d5 7. e5 Ne4 8. Qe2 Nxc3 9. bxc3 c5 10. Qd1 cxd4 11. cxd4 Ba6 12. c4 Bxc4 13. Bxc4 dxc4 14. Qa4+ Qd7 15. Qxc4 O-O 16. O-O Rc8 17. Qd3 Nc6 18. Rd1 Na5 19. Ng5 g6 20. Qh3 h5 21. d5 Rxc1 22. Raxc1 Bxg5 23. Rc2 Qa4 24. Qc3 exd5 25. Rxd5 Be7 26. Rd3 Bc5 27. Rcd2 Nc6 28. e6 Qe4 29. exf7+ Kh7 30. Rd1 Ne5 31. R3d2 Rf8 32. Rc2 Rxf7 33. Re1 Qf4 34. Ree2 Ng4 35. Qg3 Qd4 36. Rc1 Nxf2 37. Rxf2 Rxf2 38. Kh1 Bd6 39. Qh3 Qf4 40. Rg1 Bc5 41. Qd7+ Kh6 42. Qd3 Rd2 43. Qf1 Qe3 44. Qf8+ Bxf8   {White resigns} 0-1

[Event "Team 45 45 League T26"]
[Site "Free Internet Chess Server"]
[Date "2005.03.28"]
[Round "2"]
[White "MattBinMi"]
[Black "RobertKaucher"]
[Result "1/2-1/2"]
[WhiteElo "1537"]
[BlackElo "1690"]
[TimeControl "2700+45"]

1. e4 c5 2. d4 cxd4 3. c3 dxc3 4. Nxc3 Nc6 5. Nf3 d6 6. Bc4 e6 7. Bf4 Nf6 8. Rc1 Be7 9. O-O O-O 10. Qe2 e5 11. Bg5 Be6 12. Bxf6 Bxf6 13. Nd5 Bg5 14. Nxg5 Qxg5 15. Qe3 Qxe3 16. fxe3 Rac8 17. b4 Rfe8 18. b5 Nb4 19. Nxb4 Bxc4 20. Rfe1 Bxb5 21. Nd5 Bc4 22. a3 Bxd5 23. exd5 f5 24. g3 g6 25. a4 Kf7 26. a5 a6 27. Rb1 Rc5 28. Rxb7+ Re7 29. Rb6 Rxa5 30. Rxd6 Ra2 31. Rc1 a5 32. Rcc6 Rd2 33. Ra6 Rd3 34. Rd8 Rxe3 35. d6 Re8 36. Ra7+ Kf8 37. Rdd7 Rd3 38. Rf7+ Kg8 39. Rg7+ Kh8 40. Rxh7+ Kg8 41. Rag7+ Kf8 42. d7 Rd8 43. Rf7+ Kg8 44. Rhg7+ Kh8 45. Rh7+ Kg8 46. Rfg7+   {Game drawn by mutual agreement} 1/2-1/2

[Event "Team 45 45 League T26"]
[Site "Free Internet Chess Server"]
[Date "2005.03.29"]
[Round "2"]
[White "malevolentmick"]
[Black "Hartford"]
[Result "1/2-1/2"]
[WhiteElo "1690"]
[BlackElo "1582"]
[TimeControl "2700+45"]

1. e4 c6 2. d4 d5 3. Nc3 dxe4 4. Nxe4 Nd7 5. Bd3 e5 6. Ne2 f5 7. N4c3 e4 8. Bc4 g6 9. O-O Bg7 10. f3 Ngf6 11. fxe4 fxe4 12. Ng3 Nb6 13. Bb3 Bg4 14. Qe1 Qxd4+ 15. Be3 Qe5 16. Ncxe4 Nxe4 17. Nxe4 O-O-O 18. Bf4 Qxb2 19. Qa5 Qd4+ 20. Kh1 Qxe4 21. Qxa7 Rhf8 22. Qb8+ Kd7 23. Qxb7+ Ke8 24. Rae1 Be2 25. Bg5 Nd7 26. Rxf8+ Bxf8 27. Bxd8 Kxd8 28. Qa8+ Kc7 29. Qa7+ Kc8 30. Qf2 Bg7 31. Rxe2 Qb4 32. Qa7 Kd8 33. Qa8+ Nb8 34. Qa7 Nd7 35. Qe3 Ne5 36. Qd2+ Qxd2 37. Rxd2+ Kc7 38. a4 Kb6 39. Kg1 c5 40. Rd5 c4 41. Ba2 h5 42. Kf2 c3 43. h3 g5 44. Ke3 Kc6 45. Ke4 Nf7 46. Kf5 Nd6+ 47. Kxg5 Ne8 48. Rd8 Bf6+ 49. Kxh5 Bxd8 50. g4 Kb6 51. g5 Ka5 52. Bb3 Nd6 53. Kg6 Ne4 54. h4 Nc5 55. Bd5 Nxa4 56. h5 Nb6 57. Be6 Be7 58. h6 Bd6 59. h7 Be5 60. Kf7 Na4 61. g6 Nc5 62. g7 Bxg7 63. Kxg7 Nxe6+ 64. Kf6 Nd4 65. h8=Q Nxc2 66. Qb8 Nb4 67. Qe5+ Ka4 68. Kf5 Kb3 69. Qe3 Kc4 70. Ke4 c2 71. Qc1 Kc3 72. Ke3 Nd5+ 73. Ke2 Kb3 74. Kd3 Nb4+ 75. Kd2 Ka4 76. Qb2 Kb5 77. Kc3 c1=Q+ 78. Qxc1 Na2+ 79. Kb2 Nxc1   {Neither player has mating material} 1/2-1/2

[Event "Team 45 45 League T26"]
[Site "Free Internet Chess Server"]
[Date "2005.03.28"]
[Round "2"]
[White "Nogger"]
[Black "Regnmanden"]
[Result "1/2-1/2"]
[WhiteElo "2150"]
[BlackElo "2179"]
[TimeControl "2700+45"]

1. d4 Nf6 2. Nf3 d5 3. c4 c6 4. cxd5 cxd5 5. e3 g6 6. Bb5+ Bd7 7. Bd3 Bg7 8. O-O O-O 9. Nc3 Qb6 10. Ne5 e6 11. Bd2 Nc6 12. Na4 Qd8 13. Nc5 Nxe5 14. dxe5 Ne4 15. Nxe4 dxe4 16. Bxe4 Bxe5 17. Bb4 Bb5 18. Bxf8 Bxf1 19. Bxb7 Rb8   {Game drawn by mutual agreement} 1/2-1/2

[Event "Team 45 45 League T26"]
[Site "Free Internet Chess Server"]
[Date "2005.03.26"]
[Round "2"]
[White "adingod"]
[Black "Bengbula"]
[Result "1/2-1/2"]
[WhiteElo "1738"]
[BlackElo "2095"]
[TimeControl "2700+45"]

1. d4 e6 2. Nf3 f5 3. Nbd2 Nf6 4. e3 b6 5. Bd3 Bb7 6. b3 Be7 7. a4 O-O 8. Ba3 Ne4 9. Bxe7 Qxe7 10. O-O d6 11. a5 Nd7 12. c4 Qf7 13. b4 a6 14. Qc2 Qg6 15. Be2 Ndf6 16. Nxe4 Bxe4 17. Qb3 Kh8 18. axb6 cxb6 19. c5 bxc5 20. dxc5 dxc5 21. bxc5 Nd7 22. Rfc1 Ne5 23. Ne1 a5 24. Qc3 Nc6 25. f3 Bd5 26. Nd3 Rfd8 27. Nf4 Qg5 28. Kh1 Rab8 29. Bc4 Qh6 30. Nxd5 exd5 31. Bb3 f4 32. e4 dxe4 33. fxe4 f3 34. Bd5 fxg2+ 35. Kxg2 Nb4   {Game drawn by mutual agreement} 1/2-1/2

[Event "Team 45 45 League T26"]
[Site "Free Internet Chess Server"]
[Date "2005.03.30"]
[Round "2"]
[White "fege"]
[Black "qire"]
[Result "1/2-1/2"]
[WhiteElo "2138"]
[BlackElo "2004"]
[TimeControl "2700+45"]

1. e4 c5 2. Nc3 d6 3. f4 Nc6 4. Nf3 a6 5. a4 Nf6 6. Bc4 Bg4 7. h3 Bxf3 8. Qxf3 Nd4 9. Qd1 e6 10. O-O Nxe4 11. Nxe4 d5 12. c3 Nc6 13. Bd3 c4 14. Bc2 dxe4 15. Bxe4 Bc5+ 16. Kh1 f5 17. Bf3 Qd7 18. Qe2 Na5 19. Qe5 Nb3 20. Bh5+ Kd8 21. Ra2 Bd6 22. Qe3 g6 23. Be2 Rc8 24. d4 Re8 25. Bd1 Na5 26. Bd2 Ke7 27. Ra1 Kf7 28. Bc2 Nc6 29. Rae1 Ne7 30. Qf2 Nd5 31. Qh4 Kg7 32. Rf3 Be7 33. Qf2 b5 34. axb5 axb5 35. Qe2 Bh4 36. g3 Bf6 37. Ra1 Ra8 38. Rff1 Qb7 39. Kh2 h5 40. b3 Rxa1 41. Rxa1 h4 42. bxc4 bxc4 43. Qxc4 hxg3+ 44. Kxg3 Rc8 45. Qd3 Qc7 46. Bb3 Nxc3 47. Rc1 Ne4+ 48. Kh2 Qd7 49. Rxc8 Qxc8 50. Be3 Qd7 51. Qc4 Kf7 52. d5 exd5 53. Qxd5+ Qxd5 54. Bxd5+ Kg7 55. Kg2   {Game drawn by mutual agreement} 1/2-1/2

[Event "Team 45 45 League T26"]
[Site "Free Internet Chess Server"]
[Date "2005.03.26"]
[Round "2"]
[White "RussoTuristo"]
[Black "IAmTheWalrus"]
[Result "0-1"]
[WhiteElo "1857"]
[BlackElo "2082"]
[TimeControl "2700+45"]

1. e4 e6 2. d3 d5 3. Nd2 c5 4. Ngf3 Nc6 5. g3 Nf6 6. Bg2 Qc7 7. O-O Bd6 8. c3 O-O 9. Re1 dxe4 10. dxe4 Rd8 11. Qc2 e5 12. Nf1 h6 13. Be3 Be6 14. b3 b5 15. Red1 c4 16. h4 cxb3 17. axb3 a5 18. N3h2 a4 19. bxa4 bxa4 20. Rdc1 a3 21. c4 Be7 22. f4 Nb4 23. Qe2 Nd3 24. Rc2 exf4 25. gxf4 Nxf4 26. Bxf4 Qxf4 27. e5 Bc5+ 28. Kh1 Qd4 29. Qf2 Qxf2 30. Rxf2 Bxf2 31. exf6 Bd4 32. Rd1 Bxf6   {White resigns} 0-1

[Event "Team 45 45 League T26"]
[Site "Free Internet Chess Server"]
[Date "2005.03.24"]
[Round "2"]
[White "AlefZero"]
[Black "BladezII"]
[Result "1/2-1/2"]
[WhiteElo "2204"]
[BlackElo "2148"]
[TimeControl "2700+45"]

1. e4 c5 2. Nf3 Nc6 3. d4 cxd4 4. Nxd4 Nf6 5. Nc3 Qa5 6. Nb3 Qc7 7. Bd3 e6 8. O-O a6 9. f4 d6 10. Qe2 Be7 11. Bd2 d5 12. exd5 exd5 13. f5 O-O 14. Bg5 Re8 15. Kh1 Bd7 16. Bxf6 Bxf6 17. Nxd5 Qd6 18. Nxf6+ Qxf6 19. Qf2 Nb4 20. Qd4 Qxd4 21. Nxd4 Nxd3 22. cxd3 Re3 23. Rad1 Rae8 24. Kg1 g5 25. Kf2 Bc6 26. g3 Bd5 27. a3 b6 28. Rfe1 Rxe1 29. Rxe1 Rxe1 30. Kxe1 Kg7 31. Ke2 h5 32. Ke3 Kf6 33. h4 Bg2 34. b4 Bh3 35. Nf3 gxh4 36. gxh4 Kxf5 37. Ng5 Bg2 38. Nxf7 Kg4 39. Ne5+ Kxh4 40. Kf4 Kh3 41. d4 Bb7 42. Ng6 h4 43. Kg5 Kg3 44. Nxh4 Bd5 45. Ng6 Kf3 46. Ne5+ Ke4 47. Nd7 b5 48. Nc5+ Kxd4 49. Nxa6 Kc3 50. Kf5 Kb3 51. Ke5 Bc4 52. Kd4 Kxa3 53. Kc5 Ka4 54. Nc7 Bf1 55. Nd5 Kb3 56. Ne3 Be2 57. Nf5 Ka4 58. Ng3 Bd3 59. Nh1 Kb3 60. Nf2 Be2 61. Ne4 Bd3 62. Nf6 Bf1 63. Ne8 Ka4 64. Nd6 Be2 65. Nf5 Bd3 66. Nd6 Be2 67. Nf5   {Game drawn by mutual agreement} 1/2-1/2

[Event "Team 45 45 League T26"]
[Site "Free Internet Chess Server"]
[Date "2005.03.24"]
[Round "2"]
[White "Ninaber"]
[Black "ZaKrzutek"]
[Result "0-1"]
[WhiteElo "2073"]
[BlackElo "2147"]
[TimeControl "2700+45"]

1. e4 c6 2. d4 d5 3. Nc3 dxe4 4. Nxe4 Nf6 5. Nxf6+ gxf6 6. Nf3 Bg4 7. Bd3 Qc7 8. O-O Nd7 9. Bd2 O-O-O 10. h3 h5 11. Re1 e6 12. Be3 Bxf3 13. Qxf3 Bh6 14. Bxh6 Rxh6 15. Qe3 Rdh8 16. Rad1 f5 17. c4 Rg6 18. d5 Kb8 19. d6 Qd8 20. b4 Rhg8 21. Bf1 e5 22. Qf3 f4 23. Qxh5 Rh8 24. Qf5 Rg5 25. Qd3 f5 26. Qc3 e4 27. c5 f3 28. g3 Qg8 29. Rd2 Rgh5 30. b5 Rxh3 31. Bxh3 Rxh3 32. Qf6 Nxf6 33. d7 Nxd7 34. Rxd7 Rxg3+ 35. Kf1 Rg1#   {White checkmated} 0-1

[Event "Team 45 45 League T26"]
[Site "Free Internet Chess Server"]
[Date "2005.03.29"]
[Round "2"]
[White "CamyC"]
[Black "gracey"]
[Result "0-1"]
[WhiteElo "1963"]
[BlackElo "2031"]
[TimeControl "2700+45"]

1. e4 c5 2. Nf3 d6 3. Bb5+ Bd7 4. Bxd7+ Qxd7 5. O-O Nf6 6. Re1 Nc6 7. c3 e6 8. d4 cxd4 9. cxd4 d5 10. e5 Ne4 11. Nbd2 Nxd2 12. Bxd2 Rc8 13. Rc1 Be7 14. Bg5 O-O 15. Bxe7 Nxe7 16. Re3 Rxc1 17. Qxc1 Rc8 18. Rc3 Rxc3 19. Qxc3 Qa4 20. h4 Nc6 21. Qc5 Qxa2 22. Qd6 Qxb2 23. Qd7 g6 24. Ng5 Qc1+ 25. Kh2 Qf4+ 26. Kg1 Nxd4 27. g3 Qf5 28. Qxb7 h6 29. Qxa7 Ne2+ 30. Kf1 Nxg3+ 31. Kg2 Ne2 32. Qb8+ Kg7 33. Nh3 Qg4+ 34. Kh2 Nd4 35. Ng1 Nf5 36. Qb2 Nxh4 37. f3 Qh5 38. Kg3 Nf5+ 39. Kg2 Ne3+ 40. Kg3 Nf1+   {White resigns} 0-1

[Event "Team 45 45 League T26"]
[Site "Free Internet Chess Server"]
[Date "2005.03.27"]
[Round "2"]
[White "Darmik"]
[Black "ryoshu"]
[Result "1-0"]
[WhiteElo "2116"]
[BlackElo "1902"]
[TimeControl "2700+45"]

1. d4 d5 2. c4 c6 3. Nf3 Nf6 4. Nc3 e6 5. Bg5 dxc4 6. e4 b5 7. e5 h6 8. Bh4 g5 9. Nxg5 hxg5 10. Bxg5 Nbd7 11. exf6 Qb6 12. g3 Bb7 13. Bg2 O-O-O 14. O-O c5 15. d5 b4 16. Rb1 Qa6 17. dxe6 Bxg2 18. e7 Bxf1 19. Kxf1 Bh6 20. exd8=Q+ Kxd8 21. Ne4 Bxg5 22. Nxg5 Qxf6 23. h4 Kc7 24. Qd5 Qd4 25. Rd1 Qxd5 26. Rxd5 Kc6 27. Rd2 b3 28. axb3 cxb3 29. Nxf7 Ra8 30. h5 Rf8 31. Nd6 Nb6 32. Ne4 Nc4 33. Re2 Re8 34. Nc3 Rxe2 35. Kxe2 Ne5 36. h6 Ng6 37. f4   {Black resigns} 1-0

[Event "Team 45 45 League T26"]
[Site "Free Internet Chess Server"]
[Date "2005.03.25"]
[Round "2"]
[White "fismoluni"]
[Black "zcomcon"]
[Result "0-1"]
[WhiteElo "1632"]
[BlackElo "1752"]
[TimeControl "2700+45"]

1. e4 e6 2. d4 b6 3. c4 Bb7 4. d5 exd5 5. cxd5 Bb4+ 6. Bd2 Bxd2+ 7. Nxd2 Nf6 8. Ngf3 O-O 9. Qb3 Re8 10. O-O-O Nxe4 11. Nxe4 Rxe4 12. Bd3 Re8 13. Rhe1 Rxe1 14. Rxe1 d6 15. h4 Nd7 16. Qc2 h6 17. Bc4 Nf6 18. Qf5 Qd7 19. Qxd7 Nxd7 20. Re7 Rd8 21. Bb5 Nc5 22. Bc6 Bxc6 23. dxc6 Ne6 24. b4 Kf8 25. Rd7 Rxd7 26. cxd7 Ke7 27. Kd2 a6 28. g3 Kxd7 29. Kd3 c5 30. bxc5 dxc5 31. Ne5+ Ke7 32. a4 Nd4 33. Kc4 f6 34. Nd3 Kd6 35. Nf4 b5+ 36. axb5 axb5+ 37. Kc3 g5 38. hxg5 hxg5 39. Nd3 f5 40. f4 gxf4 41. gxf4 Kd5 42. Nb2 Ne2+   {White resigns} 0-1